 Dungeon Crawl Stone Soup version 0.24.1 (webtiles) character file.

Game seed: 14143860688197578373, levelgen mode: deterministic

8489 MajorAdolf the Covert (level 11, -1/104 HPs)
             Began as a Naga Wanderer on Apr 4, 2020.
             Was a Believer of Makhleb.
             Slain by a three-headed hydra (10 damage)
             ... on level 10 of the Dungeon.
             The game lasted 00:29:10 (13318 turns).

MajorAdolf the Covert (Naga Wanderer)              Turns: 13318, Time: 00:29:11

Health: -1/104     AC:  9    Str: 15    XL:     11   Next: 31%
Magic:  14/14      EV: 12    Int: 12    God:    Makhleb [**....]
Gold:   175        SH:  4    Dex: 10    Spells: 9/10 levels left

rFire    . . .     SeeInvis +   d - +7 flail of Coitixturch {holy, rElec rPois rN+++ Str-4}
rCold    . . .     Gourm    .   m - +0 buckler
rNeg     + + +     Faith    .   s - +2 robe {MR+}
rPois    +         Spirit   .   (no helmet)
rElec    +         Reflect  .   D - +0 cloak
rCorr    +         Harm     .   w - +1 pair of gloves
MR       ++...                  (no barding)
Stlth    +++++.....             g - amulet of rage
HPRegen  0.27/turn              (no ring)
MPRegen  0.14/turn              v - ring of resist corrosion

@: very slow
A: large, see invisible, deformed body, poison resistance, slowness 2, slow
metabolism 1, spit poison 1, AC +3
a: Spit Poison, Minor Destruction, Renounce Religion, Evoke Berserk Rage


You were on level 10 of the Dungeon.
You worshipped Makhleb.
Makhleb was pleased with you.
You were hungry.

You visited 2 branches of the dungeon, and saw 11 of its levels.

You collected 603 gold pieces.
You spent 428 gold pieces at shops.

Inventory:

Hand Weapons
 d - the +7 flail of Coitixturch (weapon) {holy, rElec rPois rN+++ Str-4}
   (You found it on level 7 of the Dungeon)

   It has been blessed by the Shining One to cause great damage to the undead
   and demons.
   It affects your strength (-4).
   It insulates you from electricity.
   It protects you from poison.
   It renders you almost immune to negative energy.
 k - the +4 hunting sling of Big Damage {flame, Dex+4}
   (You took it off an orc on level 3 of the Dungeon)

   It causes projectiles fired from it to burn those they strike, causing extra
   injury to most foes and up to half again as much damage against particularly
   susceptible opponents.
   It affects your dexterity (+4).
 I - a +7 war axe
Missiles
 b - 208 arrows
 i - 494 stones (quivered)
Armour
 m - a +0 buckler (worn)
 s - a +2 robe of magic resistance (worn)
 w - a +1 pair of gloves (worn)
 D - a +0 cloak (worn)
Jewellery
 g - an amulet of rage (around neck)
 t - a cursed amulet of inaccuracy
 v - a ring of resist corrosion (right hand)
Wands
 z - a wand of digging (9)
 E - a wand of flame (15)
 F - a wand of polymorph (7)
 G - a wand of paralysis (4)
 K - a wand of acid (5)
Scrolls
 c - a scroll of enchant armour
 n - 2 scrolls of teleportation
 r - 3 scrolls of identify
 u - 3 scrolls of magic mapping
 y - 2 scrolls of blinking
 A - 3 scrolls of remove curse
 B - 7 scrolls of amnesia
 C - a scroll of enchant weapon
Potions
 h - a potion of might
 j - 5 potions of brilliance
 o - 6 potions of curing
 p - a potion of haste
 q - a potion of agility
 x - 2 potions of heal wounds
 H - 2 potions of lignification
 J - a potion of magic {unknown}
Comestibles
 f - 20 rations


   Skills:
 + Level 8.5 Fighting
 + Level 8.8(8.9) Axes
 - Level 1.0(5.5) Maces & Flails
   Level 1.1 Bows
 - Level 1.5 Armour
 + Level 6.1 Dodging
 + Level 11.4 Stealth
 + Level 4.5 Shields
 + Level 4.8 Invocations
 - Level 2.0 Evocations


You had 9 spell levels left.
You knew the following spells:

 Your Spells              Type           Power        Failure   Level  Hunger
a - Confusing Touch       Hex            #.....       32%         1    ##.....

Your spell library contained the following spells:

 Spells                   Type           Power        Failure   Level  Hunger
 Animate Skeleton         Necr           N/A          32%         1    ##.....
 Apportation              Tloc           #.....       32%         1    ##.....
 Summon Butterflies       Summ           #.......     32%         1    ##.....
 Summon Small Mammal      Summ           #...         32%         1    ##.....
 Lesser Beckoning         Tloc           #.........   69%         3    ####...
 Tukima's Dance           Hex            #.......     69%         3    ####...
 Alistair's Intoxication  Tmut/Pois      #.......     100%        5    ######.
 Invisibility             Hex            #.......     100%        6    #######


Dungeon Overview and Level Annotations

Branches:
Dungeon (10/15)            Temple (1/1) D:7            Lair (0/6) D:10
    Orc (0/2) D:9

Altars:
Ashenzari
Cheibriados
Dithmenos
Elyvilon
Fedhas
Gozag
Hepliaklqana
Kikubaaqudgha
Makhleb
Nemelex Xobeh
Okawaru
Qazlal
Ru
Sif Muna
Trog
Uskayaw
Vehumet
Wu Jian
Xom
Yredelemnul
Zin
The Shining One
Beogh

Shops:
D:7 !   D:10 :


Innate Abilities, Weirdness & Mutations

You cannot wear boots.
Your serpentine skin is tough. (AC +3)
You have supernaturally acute eyesight. (SInv)
Armour fits poorly on your strangely shaped body.
Your system is resistant to poisons. (rPois)
You cover ground very slowly.
You have a slow metabolism.
You can spit poison.


Message History

The three-headed hydra closely misses you.
The big kobold hits you but does no damage.
You sock the three-headed hydra!
The three-headed hydra is severely wounded.
The three-headed hydra barely misses you.
The three-headed hydra bites you!
The three-headed hydra closely misses you.
The big kobold hits you but does no damage.
You thump the three-headed hydra!
The three-headed hydra is severely wounded.
The three-headed hydra bites you but does no damage.
The three-headed hydra bites you!
The three-headed hydra barely misses you.
The big kobold hits you but does no damage.
The three-headed hydra bites you!
* * * LOW HITPOINT WARNING * * *
The three-headed hydra bites you!
* * * LOW HITPOINT WARNING * * *
The three-headed hydra bites you!
You die...

#.............#..........#...
#.............##########.#.##
#....##########...#....#...#.
#....#.)+.P≈PP#...#....#...#.
#....#%.#≈≈)≈P#...#....#...#.
#....#'##P≈P.≈#...#....#...#.
#....#..#.....#...#....#...#.
#....#..'....≈)...#....#...##
#....#..'.PD@.#...#....#...#.
#....#..'..K.≈#...#....#...#.
#....#..#.....#...#....#...#.
#....##########...#....#...#.
#......# .............#...#.
#......# .............#...##
#......# ..............#...#.
#......# .....#...#........#.
#......########...#........#.


You could see a three-headed hydra and a big kobold.

Vanquished Creatures
  An unseen horror (D:10)
  Grinder (D:4)
  4 hippogriffs
  2 dream sheep (D:10)
  11 yaks
  Sigmund (D:4)
  Duvessa (D:6)
  The ghost of Bjuglez the Ducker, an amateur TrBe of Trog (D:3)
  2 ice beasts
  5 orc warriors
  4 sky beasts
  5 ogres
  An eye of draining (D:9)
  A phantom (D:8)
  2 centaurs
  4 big kobolds
  8 bullfrogs
  Dowan (D:6)
  2 scorpions
  5 killer bees (D:8)
  6 wights
  2 howler monkeys
  3 crimson imps
  A centaur zombie (D:5)
  A jelly (D:9)
  6 hounds
  A centaur skeleton (D:7)
  Crazy Yiuf (D:5)
  A bullfrog skeleton (D:3)
  9 orc priests
  5 iguanas
  Jessica (D:3)
  3 worker ants
  11 orc wizards
  A hound zombie (D:5)
  A hound skeleton (D:7)
  Robin (D:3)
  5 adders
  A shadow imp (D:10)
  2 oozes
  An adder zombie (D:6)
  2 adder skeletons
  2 worms
  2 dart slugs
  8 leopard geckos
  52 orcs
  3 bats
  5 giant cockroaches
  8 goblins
  10 hobgoblins
  6 jackals
  7 quokkas
  3 ball pythons
  7 frilled lizards
  A jackal skeleton (D:4)
  14 kobolds
  7 rats
262 creatures vanquished.

Vanquished Creatures (others)
  Blork the orc (D:4)
1 creature vanquished.

Grand Total: 263 creatures vanquished

Notes
Turn   | Place    | Note
-------+----------+-------------------------------------------
     0 | D:1      | MajorAdolf the Naga Wanderer began the quest for the Orb.
     0 | D:1      | MajorAdolf set off with the following items: a +2 shortbow,
                  | 24 arrows, a +0 ring mail, a potion of lignification, a
                  | ration
     0 | D:1      | Reached XP level 1. HP: 22/22 MP: 2/2
   299 | D:1      | Reached XP level 2. HP: 30/30 MP: 3/3
   313 | D:1      | Reached skill level 1 in Axes
   782 | D:2      | Found a bloodstained altar of Trog.
   786 | D:2      | Found a basalt altar of Yredelemnul.
   791 | D:2      | Reached XP level 3. HP: 32/36 MP: 4/4
   897 | D:2      | Noticed a scorpion
   904 | D:2      | Killed a scorpion
   904 | D:2      | Reached XP level 4. HP: 44/44 MP: 5/5
  1899 | D:3      | Reached XP level 5. HP: 48/50 MP: 6/6
  1928 | D:3      | Reached skill level 1 in Shields
  2172 | D:3      | Noticed Robin
  2189 | D:3      | Killed Robin
  2189 | D:3      | Reached skill level 1 in Stealth
  2189 | D:3      | Reached XP level 6. HP: 57/57 MP: 7/7
  2344 | D:3      | Noticed Jessica
  2638 | D:3      | Found a runed translucent gate.
  2689 | D:3      | Killed Jessica
  2689 | D:3      | Reached skill level 2 in Stealth
  2859 | D:3      | Found a runed translucent gate.
  2859 | D:3      | Noticed Bjuglez's ghost (amateur TrBe)
  2859 | D:3      | Identified the +4 hunting sling of Big Damage {flame,
                  | Dex+4}
  2861 | D:3      | Found a runed translucent gate.
  2863 | D:3      | Found a roughly hewn altar of Beogh.
  3243 | D:4      | Killed Blork the orc
  3367 | D:3      | Killed Bjuglez's ghost
  3367 | D:3      | Reached skill level 5 in Axes
  3367 | D:3      | Reached skill level 1 in Dodging
  3367 | D:3      | Reached skill level 3 in Stealth
  3367 | D:3      | Reached XP level 7. HP: 45/66 MP: 8/8
  3928 | D:4      | Noticed Grinder
  3937 | D:4      | Reached skill level 4 in Stealth
  3945 | D:4      | Killed Grinder
  3945 | D:4      | Reached skill level 5 in Fighting
  4165 | D:4      | Found a radiant altar of Vehumet.
  4310 | D:4      | Reached skill level 5 in Stealth
  4310 | D:4      | Reached XP level 8. HP: 68/74 MP: 9/9
  4411 | D:4      | Noticed Sigmund
  4470 | D:4      | Killed Sigmund
  4742 | D:5      | Entered Level 5 of the Dungeon
  4808 | D:5      | Reached skill level 6 in Stealth
  5554 | D:5      | You fall into a shaft and drop 3 floors!
  5875 | D:5      | Found a shimmering altar of Xom.
  6011 | D:5      | Reached skill level 7 in Stealth
  6046 | D:5      | Found a stormy altar of Qazlal.
  6073 | D:5      | Noticed a water elemental
  6074 | D:5      | Noticed an air elemental
  6179 | D:5      | Found a runed translucent door.
  6180 | D:5      | Noticed Crazy Yiuf
  6349 | D:5      | Killed Crazy Yiuf
  6421 | D:6      | Noticed Duvessa
  6421 | D:6      | Noticed Dowan
  6438 | D:6      | Killed Duvessa
  6438 | D:6      | Reached XP level 9. HP: 82/82 MP: 10/10
  6439 | D:6      | Killed Dowan
  7786 | D:7      | Reached skill level 8 in Stealth
  7934 | D:7      | Found a hide-covered altar of Uskayaw.
  8176 | D:7      | Reached skill level 9 in Stealth
  8421 | D:7      | Got a scorched flail
  8522 | D:7      | Found a staircase to the Ecumenical Temple.
  8564 | Temple   | Entered the Ecumenical Temple
  8658 | Temple   | Became a worshipper of Makhleb the Destroyer
  8779 | D:7      | Found Wain's Distillery.
  8808 | D:7      | Bought a potion of lignification for 48 gold pieces
  8808 | D:7      | Bought a potion of heal wounds for 80 gold pieces
  9018 | D:8      | Reached skill level 1 in Invocations
  9184 | D:8      | Reached XP level 10. HP: 77/94 MP: 11/11
  9198 | D:8      | Reached skill level 5 in Dodging
  9668 | D:8      | Reached * piety under Makhleb
 10106 | D:9      | Reached skill level 10 in Stealth
 10770 | D:9      | Reached ** piety under Makhleb
 10900 | D:9      | Found a staircase to the Orcish Mines.
 11167 | D:10     | Entered Level 10 of the Dungeon
 11281 | D:10     | Found a shadowy altar of Dithmenos.
 11521 | D:10     | Reached XP level 11. HP: 78/103 MP: 14/14
 11527 | D:10     | HP: 3/103 [yak (12)]
 11546 | D:10     | Reached skill level 11 in Stealth
 12214 | D:10     | Found Ilonyt's Book Shoppe.
 12217 | D:10     | Bought a book of Cantrips for 300 gold pieces
 12219 | D:10     | Learned a level 1 spell: Confusing Touch
 12316 | D:10     | Found a staircase to the Lair.
 12357 | D:10     | Noticed an unseen horror
 12371 | D:10     | Killed an unseen horror
 13153 | D:10     | Noticed a three-headed hydra
 13237 | D:10     | Identified the +7 flail of Coitixturch {holy, rElec rPois
                  | rN+++ Str-4} (You found it on level 7 of the Dungeon)
 13318 | D:10     | Slain by a three-headed hydra

Levels and vault maps discovered:
D:1:      minmay_arrival_wavy_path, layout_rooms, hangedman_decor_points,
          minivault_23, hangedman_feature_mirror
D:2:      layout_loops_ring, grunt_temple_overflow_open, first_ration,
          minivault_26
D:3:      layout_basic, biasface_ghost_orc_armoury, uniq_jessica, uniq_robin
D:4:      layout_loops_ring, fiery_altar_vehumet, minmay_circle_x, uniq_grinder,
          uniq_sigmund, uniq_blork_the_orc
D:5:      layout_basic, nicolae_overflow_crystal_walls,
          nicolae_qazlal_style_of_elements, uniq_crazy_yiuf_cottage
D:6:      layout_gridville, uniq_duvessa
D:7:      layout_basic, lemuel_doored_altar, minmay_temple_entry_wispy,
          serial_shops, nicolae_shop_stone
D:8:      layout_cave_pools
D:9:      layout_basic, orc_0_dummy
D:10:     layout_grid_maze, dpeg_oklobed_lair, serial_shops,
          nicolae_shop_behind_doors, hangedman_ranch [blue_anna_fruit_fields],
          nicolae_dithmenos_the_darkroom
Temple:   compressed_dpeg_circular_temple

Skill      XL: |  1  2  3  4  5  6  7  8  9 10 11 |
---------------+----------------------------------+-----
Axes           | 2 3 4 5 6 7 8 |  8.8
Shields        | 1 2 4 |  4.5
Stealth        | 1 3 5 7 9 10 11 | 11.4
Dodging        | 1 2 3 4 5 6 |  6.1
Fighting       | 5 6 7 8 |  8.5
Invocations    | 1 4 |  4.8
Maces & Flails | |  1.0
Bows           | |  1.1
Armour         | |  1.5
Evocations     | |  2.0

Action                   |  1- 3 |  4- 6 |  7- 9 | 10-12 || total
-------------------------+-------+-------+-------+-------++-------
Melee: Hand axe          |    37 |   164 |   296 |       ||   497
       Unarmed           |     1 |       |       |       ||     1
       War axe           |       |       |    24 |   224 ||   248
       Flail             |       |       |       |     7 ||     7
 Abil: Spit Poison       |    19 |    25 |     8 |     4 ||    56
       Evoke Berserk Rag |     2 |     7 |    12 |     2 ||    23
  Use: Scroll            |     1 |     3 |    13 |     9 ||    26
       Potion            |       |     2 |     3 |     2 ||     7
 Stab: Sleeping          |       |     1 |     7 |    10 ||    18
  Eat: Chunk             |     1 |    14 |    22 |    11 ||    48
       Ration            |       |       |     2 |       ||     2
Armor: Robe              |     6 |    17 |       |    26 ||    49
       Skin              |       |    20 |    38 |       ||    58
       Leather armour    |       |       |    96 |    68 ||   164
Dodge: Dodged            |    25 |    49 |   134 |   139 ||   347
Block: Buckler           |       |    28 |    62 |    43 ||   133
